 Dungeon Crawl Stone Soup version 0.30-a0-782-ge64f9170bb (webtiles) character file.

Game seed: 6672818730202554033

83 IndexError the Shooter (level 4, -6/28 HPs)
             Began as a Gargoyle Hunter on Mar 2, 2023.
             Killed by divine providence
             ... invoked by an orc priest
              (14 damage)
             ... on level 2 of the Dungeon.
             The game lasted 00:02:19 (850 turns).

IndexError the Shooter (Gargoyle Hunter)             Turns: 850, Time: 00:02:20

Health: -6/28      AC:  6    Str: 20    XL:     4   Next: 44%
Magic:  4/4        EV: 11    Int: 10    God:
Gold:   50         SH:  0    Dex: 15    Spells: 3/3 levels left

rFire   . . .      SeeInvis .    a - +0 shortbow
rCold   . . .      Faith    .    (shield currently unavailable)
rNeg    + . .      Spirit   .    c - +0 leather armour
rPois   ∞          Reflect  .    (no helmet)
rElec   +          Harm     .    (no cloak)
rCorr   .          Rampage  .    (no gloves)
Will    .....                    (no boots)
Stlth   ++                       (no amulet)
HPRegen 0.24/turn                j - +6 ring of strength
MPRegen 0.09/turn                (no ring)

@: no status effects
A: sickness immunity, AC +3, negative energy resistance 1, electricity
resistance, torment resistance 1, petrification resistance
a: no special abilities


You were on level 2 of the Dungeon.
You visited 1 branch of the dungeon, and saw 3 of its levels.

You collected 50 gold pieces.

Inventory:

Hand Weapons
 a - a +0 shortbow (weapon)
Armour
 c - a +0 leather armour (worn)
Jewellery
 j - a +6 ring of strength (left hand)
   (You found it on level 1 of the Dungeon)
Scrolls
 b - a scroll of immolation {!r}
 g - a scroll of teleportation {unknown}
 i - 4 scrolls of identify {unknown}
 k - a scroll of silence {unknown}
 l - a scroll of blinking {unknown}
Potions
 d - a potion of attraction {unknown}
 e - a potion of lignification {unknown}
 f - a potion of curing {unknown}
 h - 2 potions of brilliance {unknown}


   Skills:
 + Level 3.3 Fighting
 * Level 5.2 Ranged Weapons
 - Level 1.5 Dodging
 - Level 1.1 Stealth


You had 3 spell levels left.
You didn't know any spells.
Your spell library was empty.

Dungeon Overview and Level Annotations

Branches:
Dungeon (3/15)

Altars:


Innate Abilities, Weirdness & Mutations

You are immune to sickness and miasma.
Your stone body is resilient. (AC +3)
You are immune to poison.
You resist negative energy. (rN+)
You are resistant to electric shocks. (rElec)
You are resistant to unholy torment.
You are immune to petrification.


Message History

A worm comes into view.
You see here a bat corpse.
A worm is nearby!
You shoot an arrow. The arrow hits the worm!
You shoot an arrow. The arrow hits the worm.
You shoot an arrow. The arrow barely misses the worm.
You shoot an arrow. The arrow hits the worm.
You shoot an arrow. The arrow barely misses the worm.
You shoot an arrow. The arrow hits the worm!
Your Ranged Weapons skill increases to level 5!
No target in view!
No target in view!
i - 4 scrolls labelled TAECKI QIVOIRI (gained 1)
A bat comes into view.
A bat is nearby!
You shoot an arrow. The arrow hits the bat!
No target in view!
No target in view!
No target in view!
k - a scroll labelled ERAPLU SENLONGOMM A giant cockroach comes into view.
You see here a scroll labelled ITA MOSUBLU.
A giant cockroach is nearby!
You shoot an arrow. The arrow hits the giant cockroach!
No target in view!
No target in view!
l - a scroll labelled ITA MOSUBLU
There is a stone staircase leading down here.
You climb downwards.
There is a stone staircase leading up here.
You climb upwards.
There is a stone staircase leading down here.
Unknown command.
You now have 50 gold pieces (gained 14).
An orc priest comes into view. It is wielding a +0 whip.
A kobold comes into view. It is wielding a +0 club.
Fire: a) +0 shortbow
Press: ? - help, Q - select action Shift-Dir - straight line, f - orc priest
Aim: an orc priest, wielding a +0 whip (asleep, 98% to hit)
You shoot an arrow. The kobold shouts!
The arrow hits the orc priest.
The orc priest shouts!
You hear a shout! x2
An orc comes into view. It is wielding a +0 club.
An orc priest comes into view. It is wielding a +0 war axe.
An orc comes into view. It is wielding a +0 dagger. x2
An orc comes into view. It is wielding a +0 short sword.
The orc moves out of view.
An orc priest comes into view. It is wielding a +0 mace.
The orc priest casts a cantrip, but nothing happens.
The orc priest looks braver for a moment.
There is a stone staircase leading down here.
The kobold attacks as you move away! The kobold hits you but does no damage.
The kobold attacks as you move away! The kobold barely misses you.
You see here a quokka corpse.
There is a stone staircase leading up here.
The kobold attacks as you move away! The kobold hits you but does no damage.
You shoot an arrow. The arrow barely misses the kobold.
The kobold misses you. The kobold hits you but does no damage.
You shoot an arrow. The arrow hits the kobold!
You shoot an arrow. The arrow hits the orc priest.
The orc priest barely misses you. The orc priest hits you with a +0 whip.
You take 4 damage, and have 19/23 hp.
You shoot an arrow. The arrow barely misses the orc priest.
The arrow hits the orc priest.
The orc priest hits you but does no damage.
You shoot an arrow. The arrow hits the orc priest!
The orc priest calls upon Beogh to heal the orc priest.
The orc priest is healed somewhat.
The orc priest casts a cantrip, but nothing happens.
You shoot an arrow.
The arrow barely misses the orc priest. x2
The orc priest hits you but does no damage.
The orc priest calls upon Beogh to heal the orc priest.
The orc priest is healed somewhat.
The orc priest barely misses you.
You shoot an arrow. The arrow barely misses the orc priest.
The arrow closely misses the orc priest.
The orc priest looks braver for a moment.
You shoot an arrow.
The arrow closely misses the orc priest.
The arrow hits the orc priest.
The orc priest calls down the wrath of Beogh upon you.
Beogh smites you!
Ouch! That really hurt!
The orc priest hits you with a +0 whip.
* * * LOW HITPOINT WARNING * * *
You take 14 damage, and have 6/23 hp.
MASSIVE DAMAGE!!
You shoot an arrow. The arrow hits the orc priest!
The orc priest hits you but does no damage.
You shoot an arrow. The arrow hits the orc priest!
The orc priest barely misses you.
You have reached level 4!
You feel clever.
MP restored: 4 You shoot an arrow.
The arrow hits the orc priest.
The orc priest hits you but does no damage.
You shoot an arrow. The arrow hits the orc priest.
The orc priest calls down the wrath of Beogh upon you.
Beogh smites you!
Ouch! That really hurt!
You die...

#.##....#......
#...[>#.....o..
#.##o###.......
#.#o#####......
#..###.##......
####.#.#...#......
#oo..†.......#...#
#o##.........##.##
#@#######...###.#
#.# ##...##. #.#
.#.# #.# .#.# #.#
.#.# #.# #.# #.#
#.#


You could see 2 orc priests and an orc.

Vanquished Creatures
  An orc priest (D:2)
  2 worms (D:2)
  A dart slug (D:1)
  4 endoplasms
  A giant cockroach (D:2)
  3 goblins (D:1)
  A hobgoblin (D:1)
  6 jackals (D:1)
  3 kobolds
  A quokka (D:2)
  3 ball pythons
  5 bats
  13 frilled lizards
  4 rats (D:1)
48 creatures vanquished.

Vanquished Creatures (others)
  4 plants (D:1)
4 creatures vanquished.

Grand Total: 52 creatures vanquished

Notes
Turn   | Place    | Note
-------+----------+-------------------------------------------
     0 | D:1      | IndexError the Gargoyle Hunter began the quest for the Orb.
     0 | D:1      | Reached XP level 1. HP: 12/12 MP: 1/1
    69 | D:1      | Reached XP level 2. HP: 17/18 MP: 2/2
   268 | D:1      | Reached XP level 3. HP: 22/22 MP: 3/3
   697 | D:2      | Reached skill level 3 in Fighting
   743 | D:2      | Reached skill level 5 in Ranged Weapons
   849 | D:2      | Reached XP level 4. HP: 7/28 MP: 4/4
   850 | D:2      | Killed from afar by an orc priest

Illustrated notes

Levels and vault maps discovered:
D:1:      ncdulo_lavacross, layout_loops_ring, minmay_lizard_king
D:2:      cheibrodos_pilgrimage, layout_loops_ring
D:3:      layout_loops_ring, amethyst_overflow_temple_binary, uniq_robin

Skill      XL: |  1  2  3 |
---------------+----------+-----
Fighting       | 3 |  3.3
Ranged Weapons | 5 |  5.2
Dodging        | |  1.5
Stealth        | |  1.1

Action                     |  1- 3 |  4- 6 || total
---------------------------+-------+-------++-------
   Fire: Shortbow          |   139 |     2 ||   141
 Armour: Leather armour    |    31 |     1 ||    32
  Dodge: Dodged            |    36 |       ||    36

Table legend: (Time is in decaauts)
 A = Elapsed time spent in this place.
 B = Non-inter-level travel time spent in this place.
 C = Inter-level travel time spent in this place.
 D = Time resting spent in this place.
 E = Time spent auto-exploring this place.
 F = Levels seen in this place.
 G = Mean time per level.
                   A        B        C        D        E       F      G
               +--------+--------+--------+--------+--------+-----+--------+
         Total |    893 |    839 |     54 |      0 |    566 |   3 |  297.7 |
       Dungeon |    893 |    839 |     54 |      0 |    566 |   3 |  297.7 |
               +--------+--------+--------+--------+--------+-----+--------+

Top non-repeatable levels by time:
     D:1: 709 daAuts
     D:2: 182 daAuts
     D:3: 1 daAuts

Table legend:
 A = Kills in this place as a percentage of kills in entire the game.
 B = Kills by you in this place as a percentage of kills by you in the entire game.
 C = Kills by friends in this place as a percentage of kills by friends in the entire game.
 D = Other kills in this place as a percentage of other kills in the entire game.
 E = Experience gained in this place as a percentage of experience gained in the entire game.
 F = Experience gained in this place divided by the number of levels of this place that you have seen.
                   A       B       C       D       E      F
               +-------+-------+-------+-------+-------+----------------------
         Total | 100.0 | 100.0 |   N/A |   N/A | 100.0 |  39.7
       Dungeon | 100.0 | 100.0 |   N/A |   N/A | 100.0 |  39.7
               +-------+-------+-------+-------+-------+----------------------
